Map: Catalyst LE

Players

HateMe

  • Race: Zerg Zerg
  • Spawn Location: 5:00

Chendar - Winner!

  • Race: Zerg Zerg
  • Spawn Location: 11:00

Event: WCS Leipzig 2018

VOD

Have the link to the VOD?

Description

Time

  • Played on: Jan. 26, 2018, 7:48 a.m.
  • Length: 10:51

All games in this series

Show
View Real Time Build Order
Export as new Build Order

HateMe Zerg 

Build Orders: Hatch First, Zergling Baneling 

Get SALT Encoding   

  12  0:02  Drone  
  13  0:12  Overlord  
  13  0:17  Drone  
  14  0:31  Drone x2  
  16  0:35  Drone  
  17  0:52  Hatchery  
  17  0:55  Drone  
  17  0:58  Drone  
  17  1:02  Extractor  
  17  1:13  Spawning Pool  
  17  1:16  Drone  
  17  1:20  Drone  
  18  1:28  Drone  
  19  1:42  Overlord  
  19  1:49  Drone  
  20  1:59  Queen  
  22  2:02  Zergling x2  
  22  2:03  Queen  
  22  2:04  Zergling x2  
  26  2:14  Baneling Nest  
  25  2:16  Zergling x2  
  25  2:21  Drone  
  27  2:23  Drone  
  27  2:25  Drone  
  27  2:27  Metabolic Boost  
  29  2:38  Queen  
  29  2:40  Drone  
  32  2:45  Overlord  
  32  2:47  Zergling x2  
  32  2:49  Zergling x2  
  34  2:59  Baneling x2  
  34  3:00  Zergling x4  
  36  3:06  Overlord  
  36  3:08  Zergling x2  
  36  3:09  Zergling x2  
  38  3:14  Baneling  
  38  3:15  Baneling  
  37  3:20  Drone x3  
  39  3:33  Baneling x2  
  39  3:34  Baneling  
  38  3:37  Queen  
  38  3:40  Zergling x4  
  39  3:54  Zergling x10  
  41  4:06  Drone  
  41  4:07  Drone x2  
  41  4:08  Drone  
  45  4:11  Drone  
  45  4:12  Drone  
  45  4:16  Overlord  
  46  4:21  Drone  
  47  4:24  Drone  
  47  4:25  Drone  
  47  4:30  Drone  
  48  4:31  Drone  
  48  4:36  Baneling  
  48  4:37  Baneling  
  48  4:38  Drone x3  
  49  4:40  Drone  
  49  4:46  Zergling x6  
  49  4:49  Zergling x2  
  52  5:01  Extractor  
  52  5:02  Roach Warren  
  52  5:04  Evolution Chamber  
  52  5:07  Hatchery  
  48  5:09  Baneling  
  48  5:10  Baneling  
  48  5:12  Zergling x2  
  48  5:13  Zergling x4  
  51  5:25  Zergling x12  
  57  5:35  Baneling x2  
  52  5:45  Zergling x6  
  52  5:48  Baneling  
  49  5:51  Zerg Missile Weapons Level 1  
  49  5:52  Lair  
  49  5:53  Overlord  
  49  5:55  Roach x3  
  55  6:00  Roach  
  55  6:01  Drone  
  58  6:08  Overlord  
  58  6:10  Drone  
  59  6:11  Extractor  
  57  6:20  Roach x2  
  57  6:21  Roach  
  60  6:27  Drone x6  
  60  6:31  Queen  
  68  6:52  Glial Reconstitution  
  68  6:54  Overseer  
  68  6:55  Overlord x2  
  68  7:01  Overlord x2  
  68  7:07  Drone x2  
  68  7:08  Drone x5  
  73  7:16  Roach x5  
  83  7:23  Overlord x2  
  83  7:26  Drone  
  83  7:27  Drone x4  
  88  7:32  Drone  
  88  7:34  Drone x2  
  91  7:38  Extractor, Overlord  
  91  7:43  Drone  
  91  7:45  Drone, Hydralisk Den  
  91  7:46  Drone x2, Extractor x2  
  91  7:48  Drone x2  
  93  7:52  Drone x2  
  93  7:53  Drone  
  93  7:57  Drone x2  
  93  7:58  Drone  
  99  8:04  Zerg Missile Weapons Level 2  
  95  8:14  Roach  
  95  8:15  Roach x5  
  95  8:18  Roach x4  
  111  8:20  Roach  
  111  8:27  Roach  
  111  8:28  Roach x3  
  111  8:30  Roach  
  111  8:31  Roach  
  125  8:34  Roach  
  125  8:38  Ravager x2  
  125  8:39  Roach x2  
  131  8:41  Overseer  
  131  8:44  Overlord x2  
  131  8:45  Roach  
  135  8:48  Roach x2  
  135  8:52  Overseer  
  137  8:57  Roach  
  137  9:01  Roach x2  
  133  9:05  Roach x4  
  133  9:06  Roach  
  133  9:08  Roach x2  
  129  9:13  Roach x3  
  129  9:15  Roach  
  123  9:22  Roach  
  123  9:23  Roach x2  
  113  9:28  Roach  
  113  9:29  Roach  
  98  9:34  Roach  
  98  9:37  Roach  
  84  9:41  Roach  
  84  9:45  Roach x2  
  77  9:48  Roach  
  77  9:52  Roach  
  75  10:00  Ravager x3  
  75  10:01  Ravager, Roach  
  75  10:02  Roach  
  75  10:04  Roach  
  85  10:08  Roach  
  85  10:11  Roach  
  85  10:13  Roach  
  91  10:17  Drone  
  91  10:18  Drone x2  
  91  10:19  Drone  
  82  10:29  Roach  
  82  10:30  Roach x3  
Show
View Real Time Build Order
Export as new Build Order

Chendar Zerg - Winner!

Build Orders: Pool First, Zergling Baneling 

Get SALT Encoding   

  12  0:00  Drone  
  13  0:12  Overlord  
  13  0:17  Drone  
  14  0:31  Drone x2  
  16  0:35  Drone  
  16  0:39  Extractor  
  16  0:46  Drone  
  17  0:51  Spawning Pool  
  17  0:56  Drone  
  17  1:07  Drone  
  18  1:21  Hatchery  
  18  1:24  Drone  
  18  1:29  Drone  
  19  1:39  Metabolic Boost  
  19  1:46  Queen  
  21  1:53  Overlord  
  21  2:02  Baneling Nest  
  21  2:03  Drone  
  21  2:06  Zergling x2  
  22  2:11  Zergling x2  
  23  2:27  Queen  
  23  2:29  Zergling x2  
  26  2:34  Zergling x4  
  28  2:45  Zergling x4  
  28  2:46  Baneling  
  28  2:47  Baneling  
  30  2:55  Zergling x2, Overlord  
  31  2:58  Zergling x4  
  31  3:00  Zergling x2  
  34  3:05  Baneling  
  34  3:06  Baneling  
  34  3:07  Drone  
  34  3:12  Drone  
  36  3:21  Drone x2  
  36  3:26  Baneling x4  
  36  3:27  Drone  
  36  3:36  Drone x3  
  36  3:40  Drone x2  
  39  3:51  Drone x3  
  39  3:52  Drone  
  38  3:58  Zergling x2  
  39  4:04  Roach Warren  
  39  4:05  Drone x2  
  40  4:13  Overlord  
  40  4:15  Overlord  
  40  4:18  Baneling x2  
  40  4:25  Zergling x2  
  40  4:27  Zergling x6  
  40  4:28  Zergling x2  
  40  4:29  Overlord  
  44  4:31  Zergling x2  
  44  4:32  Zergling x2  
  45  4:42  Zergling x4  
  45  4:44  Baneling  
  45  4:45  Baneling  
  47  4:46  Baneling x3  
  47  4:47  Drone  
  47  4:50  Drone, Extractor  
  48  4:58  Drone x3  
  45  5:05  Drone x2  
  47  5:11  Lair, Extractor  
  47  5:13  Hatchery  
  45  5:16  Drone x2  
  47  5:22  Drone  
  47  5:23  Evolution Chamber  
  47  5:28  Drone x2  
  45  5:45  Drone x3  
  45  5:46  Roach x3  
  52  5:56  Drone, Extractor x2  
  52  5:57  Drone x2  
  53  5:58  Zerg Missile Weapons Level 1  
  53  5:59  Drone x3  
  53  6:03  Roach  
  58  6:04  Roach  
  60  6:16  Drone  
  60  6:19  Roach  
  60  6:22  Zergling x8  
  64  6:29  Glial Reconstitution  
  64  6:31  Drone x3  
  68  6:32  Drone  
  68  6:33  Queen  
  68  6:36  Drone x2  
  71  6:42  Baneling x3  
  71  6:43  Drone  
  72  6:47  Drone x2  
  72  6:49  Overlord x3  
  72  6:52  Overlord  
  74  7:02  Hydralisk Den  
  73  7:11  Drone  
  73  7:12  Drone x7  
  79  7:17  Unknown, Roach  
  81  7:24  Roach x4  
  81  7:29  Roach x2  
  92  7:31  Overlord  
  92  7:32  Overlord x2  
  92  7:33  Overlord  
  92  7:38  Roach  
  92  7:41  Roach  
  92  7:43  Overlord x2  
  96  7:45  Ravager  
  96  7:50  Ravager x4  
  101  7:53  Roach x4  
  101  7:56  Roach x2  
  101  7:57  Roach  
  115  8:00  Roach  
  115  8:01  Roach  
  115  8:04  Roach x2  
  123  8:06  Overlord x2  
  123  8:11  Extractor  
  123  8:12  Extractor  
  119  8:17  Drone x2  
  119  8:18  Drone x2  
  119  8:19  Roach x4  
  127  8:26  Roach  
  128  8:30  Overseer  
  128  8:31  Roach x3  
  134  8:36  Overlord x2  
  134  8:38  Roach x2  
  138  8:45  Ravager  
  138  8:46  Roach x3  
  138  8:47  Overlord  
  145  8:52  Overlord  
  139  9:07  Roach x5  
  139  9:08  Roach x4  
  145  9:15  Roach x3  
  139  9:24  Roach  
  139  9:25  Roach x3  
  139  9:30  Roach  
  139  9:31  Roach x2  
  141  9:38  Roach x3  
  116  9:52  Roach x3  
  114  10:05  Roach x3  
  120  10:11  Roach x3  
  120  10:13  Zergling x2, Hatchery  
  120  10:14  Zergling x10  
  123  10:36  Extractor  
  123  10:40  Extractor  
Tags
 
Add a new tag
Caveats
  • Supply blocks, unpowered buildings, or Contaminate may cause inaccurate times.
  • Supply counts are checked every 10 seconds.